 Dungeon Crawl Stone Soup version 0.25-a0-516-g7d600cd9ad (webtiles) character file.

Game seed: 4875493597847918963, levelgen mode: deterministic

66 Notrik the Ruffian (level 3, -4/29 HPs)
             Began as a Draconian Transmuter on Feb 17, 2020.
             Slain by a worm (7 damage)
             ... on level 2 of the Dungeon.
             The game lasted 00:02:15 (1365 turns).

Notrik the Ruffian (Draconian Transmuter)           Turns: 1365, Time: 00:02:15

Health: -4/29      AC:  6    Str: 13    XL:     3   Next: 96%
Magic:  6/6        EV: 12    Int: 13    God:
Gold:   139        SH:  0    Dex: 11    Spells: 6/7 levels left

rFire    . . .     SeeInvis .     - Unarmed
rCold    . . .     Gourm    .   (no shield)
rNeg     . . .     Faith    .   (armour unavailable)
rPois    .         Spirit   .   (helmet restricted)
rElec    .         Reflect  .   (no cloak)
rCorr    .         Harm     .   c - +0 pair of gloves
MR       .....                  (no boots)
Stlth    +.........             (no amulet)
HPRegen  0.09/turn              (no ring)
MPRegen  0.10/turn              (no ring)

@: no status effects
A: unfitting armour, cold-blooded, AC +5
a: no special abilities


You were on level 2 of the Dungeon.
You were hungry.

You visited 1 branch of the dungeon, and saw 2 of its levels.

You collected 139 gold pieces.

Inventory:

Missiles
 a - 12 arrows
Armour
 c - a +0 pair of gloves (worn)
   (You found it on level 1 of the Dungeon)
Scrolls
 b - a scroll of fog {unknown}
 d - a scroll of blinking {unknown}
 f - a scroll of random uselessness {unknown}
Potions
 g - a potion of ambrosia {unknown}
 h - a potion of mutation {unknown}
 i - a potion of agility {unknown}
Comestibles
 e - 4 rations {!d}
 j - 3 chunks of flesh


   Skills:
 + Level 2.1 Fighting
 + Level 2.3 Dodging
 + Level 3.4 Unarmed Combat
 + Level 2.5 Spellcasting
 + Level 2.5 Transmutations


You had 6 spell levels left.
You knew the following spells:

 Your Spells              Type           Power        Failure   Level  Hunger
a - Beastly Appendage     Tmut           #.....       9%          1    #......

Your spell library contained the following spells:

 Spells                   Type           Power        Failure   Level  Hunger
 Sticks to Snakes         Tmut           #.......     13%         2    ###....
 Spider Form              Tmut/Pois      #.........   41%         3    ###....
 Ice Form                 Ice/Tmut       #.......     82%         4    #####..
 Blade Hands              Tmut           #.........   93%         5    ######.


Dungeon Overview and Level Annotations

Branches:
Dungeon (2/15)

Altars:


Innate Abilities, Weirdness & Mutations

Your plain brown scales are hard. (AC +5)
You cannot fit into any form of body armour.
You are cold-blooded and may be slowed by cold attacks.


Message History

The giant cockroach bites you but does no damage.
The adder closely misses you.
You hit the adder. The giant cockroach bites you.
The adder bites you but does no damage. The worm bites you!
You hit the adder.
You kill the adder!
The giant cockroach bites you but does no damage.
The giant cockroach closely misses you.
You barely miss the worm. The worm bites you. The giant cockroach misses you.
You hit the worm.
The giant cockroach bites you but does no damage.
You barely miss the worm. The worm bites you!
* * * LOW HITPOINT WARNING * * *
The giant cockroach bites you but does no damage.
There is a stone staircase leading up here.
The giant cockroach closely misses you.
You closely miss the giant cockroach. The giant cockroach misses you.
The giant cockroach bites you.
* * * LOW HITPOINT WARNING * * *
Okay, then.
You barely miss the giant cockroach. The giant cockroach misses you.
You closely miss the giant cockroach. The giant cockroach barely misses you.
You completely miss the giant cockroach.
The giant cockroach bites you but does no damage.
You hit the giant cockroach. You tail-slap the giant cockroach.
The giant cockroach bites you but does no damage.
You closely miss the giant cockroach. The giant cockroach misses you.
You barely miss the giant cockroach. The giant cockroach misses you.
The giant cockroach bites you.
* * * LOW HITPOINT WARNING * * *
You closely miss the giant cockroach. The giant cockroach misses you.
You closely miss the giant cockroach. The giant cockroach closely misses you.
You barely miss the giant cockroach.
You tail-slap the giant cockroach, but do no damage.
The giant cockroach bites you but does no damage.
You hit the giant cockroach but do no damage.
The giant cockroach bites you but does no damage.
You hit the giant cockroach but do no damage.
You tail-slap the giant cockroach. The giant cockroach bites you.
* * * LOW HITPOINT WARNING * * *
You barely miss the giant cockroach. The giant cockroach closely misses you.
You hit the giant cockroach.
You kill the giant cockroach!
You hit the worm. You barely miss the worm. The worm bites you.
* * * LOW HITPOINT WARNING * * *
You barely miss the worm. You hit the worm.
The worm bites you but does no damage.
You hit the worm but do no damage. You tail-slap the worm. The worm bites you!
You die...

#..<....+ ..
##....#### ##....##
#.....## #......#
#......# #+#
##...#.# #.#
#####w# #.#
#@########.#######
#(รท(...##........#
######........##.#
####...#..)..
#..#####.#
#........#
##.####### #.# #.#


You could see a worm.

Vanquished Creatures
  2 adders (D:2)
  3 dart slugs
  A leopard gecko (D:2)
  6 giant cockroaches
  3 goblins
  8 hobgoblins
  2 jackals (D:1)
  2 bats
  2 frilled lizards (D:1)
  4 kobolds
  6 rats (D:1)
39 creatures vanquished.

Notes
Turn   | Place    | Note
-------+----------+-------------------------------------------
     0 | D:1      | Notrik the Draconian Transmuter began the quest for the
                  | Orb.
     0 | D:1      | Reached XP level 1. HP: 16/16 MP: 3/3
    80 | D:1      | Reached XP level 2. HP: 12/23 MP: 5/5
   847 | D:1      | Reached XP level 3. HP: 27/29 MP: 6/6
  1365 | D:2      | Slain by a worm

Levels and vault maps discovered:
D:1:      dpeg_arrival_pits, layout_basic, serial_forest,
          infiniplex_forest_lined_3, infiniplex_forest_clump_long,
          infiniplex_forest_clump_small, infiniplex_forest_clump_tiny,
          infiniplex_forest_end_1, infiniplex_forest_clump_cross, st_stairs_8
D:2:      layout_loops_corners

Skill      XL: |  1  2  3 |
---------------+----------+-----
Dodging        | 2 |  2.3
Fighting       | 2 |  2.1
Unarmed Combat | |  3.4
Spellcasting   | |  2.5
Transmutations | |  2.5

Action                   || total
-------------------------++-------
Melee: Unarmed           ||   180
       Tailslap          ||    18
 Stab: Sleeping          ||     1
  Eat: Chunk             ||     1
Armor: Skin              ||    56
Dodge: Dodged            ||   114

Table legend:
 A = Non-vault XP
 B = Vault XP
 C = Vault XP percentage of total XP
 D = Non-vault monster count
 E = Vault monster count
 F = Vault count percentage of total count
                 A         B        C        D         E       F
            +---------+---------+-------+---------+---------+-------
      Total |      91 |       4 |   4.2 |      37 |       2 |   5.1
            +---------+---------+-------+---------+---------+-------
        D:1 |      39 |       4 |   9.3 |      24 |       2 |   7.7
        D:2 |      52 |       0 |   0.0 |      13 |       0 |   0.0
            +---------+---------+-------+---------+---------+-------
